 Dungeon Crawl Stone Soup version 0.31-a0-1074-g0b22e4e0f1 (webtiles) character file.

Game seed: 16298702181942591843

912 grandjackal the Trooper (level 7, -5/62 HPs)
             Began as a Pale Draconian Gladiator on Nov 28, 2023.
             Slain by an ogre
             ... wielding a +0 giant club
              (26 damage)
             ... on level 5 of the Dungeon.
             The game lasted 00:04:55 (2900 turns).

grandjackal the Trooper (Pale Draconian Gladiator)  Turns: 2900, Time: 00:04:56

Health: -5/62      AC:  7    Str: 17    XL:     7   Next: 82%
Magic:  7/7        EV: 14    Int:  8    God:
Gold:   252        SH:  0    Dex: 14    Spells: 6/6 levels left

rFire   . . .        n - +2 dagger (venom)
rCold   . . .        (no shield)
rNeg    . . .        (body armour unavailable)
rPois   .            h - +1 hat
rElec   .            (no cloak)
rCorr   .            (no gloves)
SInv    .            (no boots)
Will    .....        (no amulet)
Stlth   +            (no ring)
HPRegen 0.30/turn    (no ring)
MPRegen 0.10/turn

%: no passive effects
@: lethally poisoned (-5 -> -13), short of breath
A: breathe steam, AC +6, unfitting armour, cold-blooded, steam resistance
a: Breathe Steam


You were on level 5 of the Dungeon.
You visited 1 branch of the dungeon, and saw 5 of its levels.

You collected 252 gold pieces.

Inventory:

Hand Weapons
 a - a +0 long sword
 n - a +2 dagger of venom (weapon)
Missiles
 c - 3 throwing nets (quivered)
 d - a javelin
 j - 19 poisoned darts
Armour
 h - a +1 hat (worn)
Wands
 w - a wand of paralysis (10)
 y - a wand of flame (19)
Scrolls
 b - 2 scrolls of identify {unknown}
 e - 2 scrolls of noise {unknown}
 i - a scroll of amnesia {unknown}
 p - 2 scrolls of immolation {unknown}
 q - a scroll of enchant armour {unknown}
 s - a scroll of fog {unknown}
 t - a scroll of vulnerability {unknown}
 u - a scroll of enchant weapon {unknown}
 v - a scroll of poison {unknown}
 z - a scroll of teleportation {unknown}
 A - a scroll of torment {unknown}
 B - a scroll of brand weapon {unknown}
Potions
 f - a potion of haste {unknown}
 g - a potion of might {unknown}
 k - 2 potions of curing {unknown}
 l - a potion of attraction {unknown}
 m - a potion of degeneration {unknown}
 o - a potion of heal wounds {unknown}
 r - a potion of cancellation {unknown}
 x - a potion of invisibility {unknown}


   Skills:
 + Level 5.8 Fighting
 + Level 5.7 Long Blades
 - Level 2.1 Throwing
 + Level 5.2 Dodging
 + Level 2.3 Evocations


You had 6 spell levels left.
You didn't know any spells.
Your spell library contained the following spells:

 Spells                   Type           Power      Damage    Failure   Level
 Slow                     Hex            0%         N/A       41%         1
 Confusing Touch          Hex            0%         N/A       78%         3
 Sigil of Binding         Hex            0%         N/A       78%         3
 Vampiric Draining        Necr           0%         2d6       78%         3


Dungeon Overview and Level Annotations

Branches:
Dungeon (5/15)
 Temple: D:4-7

Altars:
Ashenzari
Fedhas
Makhleb

Shops:
D:3 !


Innate Abilities, Weirdness & Mutations

You can breathe blasts of scalding, opaque steam.
Your pale cyan-grey scales are hard. (AC +6)
You cannot fit into any form of body armour.
You are cold-blooded and may be slowed by cold attacks.
You are immune to the effects of steam.


Message History

The killer bee stings you but does no damage.
Unknown command.
You feel sick.
The killer bee attacks as it pursues you!
The killer bee completely misses you.
The killer bee attacks as it pursues you!
The killer bee closely misses you.
The killer bee is engulfed in a cloud of scalding steam.
The killer bee stings you!
You are more poisoned.
The killer bee poisons you! The killer bee closely misses you.
You miss the killer bee.
The killer bee is heavily wounded.
You feel very sick.
The killer bee stings you but does no damage.
The killer bee stings you.
You are more poisoned.
The killer bee poisons you!
The killer bee stings you but does no damage.
Unknown command.
You hit the killer bee.
You kill the killer bee!
You feel very sick. The killer bee closely misses you.
Unknown command.
Unknown command.
You hit the killer bee but do no damage.
The killer bee is heavily wounded.
You feel very sick.
The killer bee stings you but does no damage.
The killer bee closely misses you.
You feel very sick.
You hit the ogre but do no damage.
The ogre is poisoned.
The ogre is severely wounded.
You feel very sick.
You barely miss the ogre. You tail-slap the ogre.
The ogre is almost dead.
You feel sick.
The ogre hits you with a +0 giant club!!
You die...

............?.# .
<..............# ##.#
....#####.......## #....
....#.# #... ....####.....
......###.## #...#.......
##.#...#..# ##.....§..§.
...##.....# #†yy|.......
..........# ##O##§§..§..
..........#####.@.#.......
.............#...###......
................## #.#..#
..............### .# ##
............†.### .
................## ..
##.......##......# .......
##.....#
....##.......#...#


You could see an ogre (very poisoned) and 2 killer bees.

Vanquished Creatures
  Sigmund (D:2)
  An ogre (D:4)
  A phantom (D:4)
  2 scorpions (D:5)
  2 killer bees (D:5)
  A hound (D:5)
  Jessica (D:2)
  3 iguanas
  Natasha (thrice) (D:3)
  Terence (D:2)
  11 adders
  2 ufetubi (D:4)
  2 dart slugs (D:1)
  4 orcs
  8 bats
  5 endoplasms
  A giant cockroach (D:1)
  8 goblins
  6 hobgoblins
  A quokka (D:3)
  5 ball pythons
  2 frilled lizards
  11 kobolds
  5 rats
87 creatures vanquished.

Notes
Turn   | Place    | Note
-------+----------+-------------------------------------------
     0 | D:1      | grandjackal the Draconian Gladiator began the quest for the
                  | Orb.
     0 | D:1      | Reached XP level 1. HP: 17/17 MP: 1/1
   174 | D:1      | Reached XP level 2. HP: 25/25 MP: 2/2
   541 | D:2      | Noticed Sigmund
   713 | D:1      | Reached XP level 3. HP: 30/30 MP: 3/3
   724 | D:2      | Killed Sigmund
   725 | D:2      | Reached XP level 4. HP: 27/40 MP: 4/4
   725 | D:2      | Reached XP level 5. HP: 31/46 MP: 5/5
   823 | D:2      | Noticed Jessica
   837 | D:2      | Killed Jessica
   932 | D:2      | Noticed Terence
   941 | D:2      | Killed Terence
  1272 | D:3      | Found Witomy's Distillery.
  1272 | D:3      | Found a blossoming altar of Fedhas.
  1325 | D:3      | Found a burning altar of Makhleb.
  1328 | D:3      | Found a broken altar of Ashenzari.
  1419 | D:3      | Noticed Natasha
  1423 | D:3      | Found a faded altar of an unknown god.
  1430 | D:3      | Killed Natasha
  1431 | D:3      | Reached XP level 6. HP: 32/53 MP: 6/6
  1925 | D:3      | Noticed Natasha
  1933 | D:3      | Killed Natasha
  1952 | D:3      | Noticed Natasha
  1959 | D:3      | Killed Natasha
  2046 | D:4      | Reached skill level 5 in Fighting
  2046 | D:4      | Reached skill level 5 in Long Blades
  2101 | D:4      | Your scales start taking on a pale cyan-grey colour.
  2101 | D:4      | Reached XP level 7. HP: 41/61 MP: 7/7
  2101 | D:4      | Gained mutation: You are immune to the effects of steam.
                  | [Pale Draconian growth]
  2419 | D:4      | Paralysed by a kobold for 3 turns
  2581 | D:4      | Reached skill level 1 in Evocations
  2630 | D:5      | Entered Level 5 of the Dungeon
  2699 | D:5      | Reached skill level 5 in Dodging
  2900 | D:5      | Slain by an ogre

Illustrated notes

Levels and vault maps discovered:
D:1:      heliophobic_arrival_ceremonial_halls, layout_basic,
          chequers_serial_rivers_small_3
D:2:      layout_rooms, guppyfry_early_orc_mine, uniq_terence, uniq_jessica,
          uniq_sigmund
D:3:      layout_rooms, minmay_overflow_temple_star_quad, serial_shops,
          nicolae_shop_statue_plus,
          hellmonk_ecumenical_altar_pennies_from_heaven, due_unseen_surprise,
          uniq_natasha
D:4:      layout_gridville
D:5:      layout_cave_pools

Skill      XL: |  1  2  3  4  5  6  7 |
---------------+----------------------+-----
Throwing       | 2 |  2.1
Dodging        | 3 4 5 |  5.2
Fighting       | 3 4 5 |  5.8
Long Blades    | 4 5 |  5.7
Evocations     | 2 |  2.3

Action                     |  1- 3 |  4- 6 |  7- 9 || total
---------------------------+-------+-------+-------++-------
  Melee: Long sword        |    73 |   132 |    48 ||   253
         Tailslap          |     9 |    18 |     8 ||    35
         Dagger            |    10 |     3 |    12 ||    25
         Punch             |       |     1 |       ||     1
Ability: Breathe Steam     |       |       |     6 ||     6
   Stab: Sleeping          |       |     1 |     1 ||     2
 Armour: Skin              |    74 |    78 |    46 ||   198
  Dodge: Dodged            |    67 |   116 |    56 ||   239

Table legend: (Time is in decaauts)
 A = Elapsed time spent in this place.
 B = Non-inter-level travel time spent in this place.
 C = Inter-level travel time spent in this place.
 D = Time resting spent in this place.
 E = Time spent auto-exploring this place.
 F = Levels seen in this place.
 G = Mean time per level.
                   A        B        C        D        E       F      G
               +--------+--------+--------+--------+--------+-----+--------+
         Total |   2955 |   2799 |    156 |    602 |   1424 |   5 |  591.0 |
       Dungeon |   2955 |   2799 |    156 |    602 |   1424 |   5 |  591.0 |
               +--------+--------+--------+--------+--------+-----+--------+

Top non-repeatable levels by time:
     D:3: 705 daAuts
     D:1: 681 daAuts
     D:4: 679 daAuts
     D:2: 623 daAuts
     D:5: 266 daAuts
